 Dungeon Sprint DCSS version 0.20-a0-1121-gbb42413 (webtiles) character file.

424 potatolord6000 the Protected (level 6, -2/45 HPs)
             Began as a Gargoyle Fighter on May 10, 2017.
             Was an Initiate of Gozag.
             Slain by Sonja
             ... wielding a +2 short sword of venom
              (9 damage)
             ... in the Dungeon (Sprint I: "Red Sonja").
             The game lasted 00:03:32 (227 turns).

potatolord6000 the Protected (Gargoyle Fighter)      Turns: 227, Time: 00:03:33

Health: -2/45      AC: 17    Str: 21    XL:     6   Next: 96%
Magic:  6/6        EV:  6    Int:  9    God:    Gozag
Gold:   100        SH: 11    Dex: 13    Spells: 5/5 levels left

rFire    . . .     SeeInvis .   a - +0 flail
rCold    . . .     Gourm    .   c - +0 shield
rNeg     + . .     Faith    .   l - +2 chain mail {rPois}
rPois    ∞         Spirit   .   (no helmet)
rElec    +         Reflect  .   b - scarf of Fumash {*Corrode +Fly rPois Dex+4}
rCorr    .         Harm     .   (no gloves)
MR       .....     NoTele   +   (no boots)
Stlth    ..........             (no amulet)
Regen    0.2/turn               (no ring)
MPRegen  0.1/turn               (no ring)

@: flying, slowed, very slow
A: negative energy resistance 1, electricity resistance, unbreathing,
petrification resistance, rot immunity, AC +4
a: Potion Petition, Call Merchant, Bribe Branch, Renounce Religion, Stop Flying


You were in the Dungeon.
You worshipped Gozag.
Gozag was aware of your devotion.
You were not hungry.

You visited 1 branch You collected 310 gold pieces.
You spent 210 gold pieces at shops.

Inventory:

Hand Weapons
 a - a +0 flail (weapon)
Armour
 b - the scarf of Fumash (worn) {*Corrode +Fly rPois Dex+4}
   (You bought it in a shop in the Dungeon)

   It affects your dexterity (+4).
   It protects you from poison.
   It lets you fly.
   It may corrode you when you take damage.
 c - a +0 shield (worn)
 l - a +2 chain mail of poison resistance (worn)
Scrolls
 k - a scroll of blinking
Potions
 h - a potion of flight {unknown}
 i - 2 potions of magic
Comestibles
 f - a bread ration


   Skills:
 + Level 8.5 Fighting
 + Level 7.5 Maces & Flails
 + Level 8.6 Armour
 + Level 8.5 Shields


You had 5 spell levels left.
You didn't know any spells.

Dungeon Overview and Level Annotations

Branches:
Dungeon (1/1)

Altars:
Cheibriados
Dithmenos
Elyvilon
Fedhas
Gozag
Hepliaklqana
Kikubaaqudgha
Nemelex Xobeh
Okawaru
Qazlal
Ru
Sif Muna
Trog
Uskayaw
Vehumet
Wu Jian
Yredelemnul
Zin
The Shining One

Shops:
D [

Annotations:
D Sonja


Innate Abilities, Weirdness & Mutations

You are resistant to torment.
Your stone body is resilient. (AC +4)
You are immune to poison.
You resist negative energy. (rN+)
You are resistant to electric shocks. (rElec)
You can survive without breathing.
You are immune to petrification.
You are immune to rotting.


Message History

You are no longer berserk.
You pass out from exhaustion.
You feel yourself slow down.
Sonja shoots a curare-tipped needle.
The curare-tipped needle hits you.
Sonja shoots a curare-tipped needle.
The curare-tipped needle hits you.
You can move again.
There is a basalt altar of Yredelemnul here.
You see here a curare-tipped needle.
Sonja gestures wildly while chanting.
Sonja blinks!
There is an ancient bone altar of Kikubaaqudgha here.
Unknown command.
Press < or > to pray at altars.
You are no longer corroded.
Sonja unwields an uncursed blowgun.
Sonja wields an uncursed short sword of venom.
It begins to drip with poison!
Sonja hits you with an uncursed short sword of venom!
You die...
Your body crumbles into a pile of gold.

################
#<.#..').#..'..#
$$
#..'[.#..').#..+
$$
#..#####'#####'#
#..####..#...#(#
$
#..#__####..##[#
#..#@K___##'#_.+
#⌠⌠#_.∩..(((.._#
####_.(__##_.#'#
$$#_____###(#.#
#########.###
+$.$+$$ $$ #$.$#
##.## $#+#$


You could see Sonja.

Vanquished Creatures
  Sigmund (D)
  A yak (D)
  An ogre (D)
  A jelly (D)
  Ijyb (D)
5 creatures vanquished.

Vanquished Creatures (others)
  A gargoyle (D)
1 creature vanquished.

Grand Total: 6 creatures vanquished

Notes
Turn   | Place    | Note
-------+----------+-------------------------------------------
     0 | D        | potatolord6000 the Gargoyle Fighter began the quest for the Orb.
     0 | D        | Reached XP level 1. HP: 14/14 MP: 1/1
     2 | D        | Noticed Ijyb
    26 | D        | Killed Ijyb
    26 | D        | Reached XP level 2. HP: 10/20 MP: 2/2
    26 | D        | Reached XP level 3. HP: 12/24 MP: 3/3
    45 | D        | Noticed an ogre
    51 | D        | Killed an ogre
    51 | D        | Reached skill level 5 in Shields
    51 | D        | Reached XP level 4. HP: 18/32 MP: 4/4
    55 | D        | Noticed Sigmund
    67 | D        | Killed Sigmund
    67 | D        | Reached XP level 5. HP: 33/38 MP: 5/5
    67 | D        | Reached XP level 6. HP: 39/44 MP: 6/6
    97 | D        | Found an ornate altar of the Wu Jian Council.
    97 | D        | Found a deep blue altar of Sif Muna.
    99 | D        | Found a radiant altar of Vehumet.
   108 | D        | Found Magh's Antique Armour Emporium.
   108 | D        | Found an ancient bone altar of Kikubaaqudgha.
   108 | D        | Found a hazy altar of Hepliaklqana.
   108 | D        | Found a stormy altar of Qazlal.
   108 | D        | Found a hide-covered altar of Uskayaw.
   108 | D        | Found a blossoming altar of Fedhas.
   108 | D        | Found a bloodstained altar of Trog.
   108 | D        | Found an iron altar of Okawaru.
   108 | D        | Found a basalt altar of Yredelemnul.
   108 | D        | Found a glowing golden altar of the Shining One.
   108 | D        | Found a snail-covered altar of Cheibriados.
   108 | D        | Found a sacrificial altar of Ru.
   108 | D        | Found a glowing silver altar of Zin.
   108 | D        | Found a shadowy altar of Dithmenos.
   108 | D        | Found a white marble altar of Elyvilon.
   108 | D        | Noticed a yak
   112 | D        | Killed a yak
   113 | D        | Found an opulent altar of Gozag.
   114 | D        | Found a sparkling altar of Nemelex Xobeh.
   129 | D        | Became a worshipper of Gozag Ym Sagoz the Greedy
   179 | D        | Bought a steaming scarf for 210 gold pieces
   189 | D        | Identified the scarf of Fumash {*Corrode +Fly rPois Dex+4} (You bought it in a shop in the Dungeon)
   192 | D        | Noticed Sonja
   205 | D        | Killed a gargoyle
   227 | D        | Slain by Sonja

Vault maps used:
D:        dungeon_sprint_1

Skill      XL: |  1  2  3  4  5  6 |
---------------+-------------------+-----
Fighting       | 4 6 7 8 |  8.5
Maces & Flails | 3 4 6 7 |  7.5
Armour         | 4 6 7 8 |  8.6
Shields        | 4 5 7 8 |  8.5

Action                   |  1- 3 |  4- 6 || total
-------------------------+-------+-------++-------
Melee: Flail             |    27 |    29 ||    56
 Abil: Evoke Flight      |       |     1 ||     1
  Use: Potion            |     1 |     4 ||     5
Armor: Scale mail        |     9 |       ||     9
       Chain mail        |       |    18 ||    18
Dodge: Dodged            |     4 |     9 ||    13
Block: Shield            |     9 |    29 ||    38
